 Dungeon Crawl Stone Soup version 0.22.1-1-ga44c0e56f4 (webtiles) character file.

79 Cykl0x the Covered (level 4, -2/29 HPs)
             Began as a Gargoyle Fighter on Nov 10, 2018.
             Slain by a gnoll
             ... wielding a +0 flail
              (11 damage)
             ... on level 3 of the Dungeon.
             The game lasted 00:03:09 (1635 turns).

Cykl0x the Covered (Gargoyle Fighter)               Turns: 1635, Time: 00:03:10

Health: -2/29      AC: 10    Str: 20    XL:     4   Next: 38%
Magic:  4/4        EV:  7    Int:  8    God:
Gold:   82         SH:  9    Dex: 10    Spells: 3/3 levels left

rFire    + . .     SeeInvis .   a - +0 war axe
rCold    + . .     Gourm    .   c - +0 shield
rNeg     + . .     Faith    .   b - +0 scale mail
rPois    ∞         Spirit   .   (no helmet)
rElec    +         Reflect  .   h - scarf {rC+ rF+}
rCorr    .         Harm     .   (no gloves)
MR       .....                  (no boots)
Stlth    ..........             (no amulet)
HPRegen  0.09/turn              (no ring)
MPRegen  0.09/turn              (no ring)

@: no status effects
A: negative energy resistance 1, electricity resistance, unbreathing,
petrification resistance, rot immunity, AC +3
a: no special abilities


You were on level 3 of the Dungeon.
You were hungry.

You visited 1 branch of the dungeon, and saw 3 of its levels.

You collected 82 gold pieces.

Inventory:

Hand Weapons
 a - a +0 war axe (weapon)
Missiles
 g - 30 stones (quivered)
Armour
 b - a +0 scale mail (worn)
 c - a +0 shield (worn)
 h - a scarf of resistance (worn)
Scrolls
 i - a scroll of fear
 j - a scroll of remove curse {unknown}
 k - a scroll of fog {unknown}
 m - a scroll of enchant armour {unknown}
Potions
 d - a potion of might
 e - a potion of agility {unknown}
 l - 2 potions of ambrosia {unknown}
 n - a potion of invisibility {unknown}
Comestibles
 f - 2 rations


   Skills:
 + Level 3.7 Fighting
 + Level 2.8 Axes
 + Level 3.8 Armour
 + Level 0.4 Dodging
 + Level 3.8 Shields


You had 3 spell levels left.
You didn't know any spells.
Your spell library was empty.

Dungeon Overview and Level Annotations

Branches:
Dungeon (3/15)

Altars:
Ashenzari


Innate Abilities, Weirdness & Mutations

You are resistant to torment.
Your stone body is resilient. (AC +3)
You are immune to poison.
You resist negative energy. (rN+)
You are resistant to electric shocks. (rElec)
You can survive without breathing.
You are immune to petrification.
You are immune to rotting.


Message History

Your shield and scale mail prevent you from hitting the bat.
The bat barely misses you. You block the bat's attack.
You block the gnoll's attack.
The gnoll hits you with an enchanted halberd!
The bat completely misses you. The gnoll barely misses you.
You slash the gnoll!
The gnoll is almost dead.
You closely miss the bat. You hit the gnoll. You block the bat's attack.
You block the gnoll's attack. The gnoll completely misses you.
The gnoll hits you with an enchanted halberd.
Your shield and scale mail prevent you from hitting the gnoll.
The gnoll is almost dead.
You closely miss the gnoll. You block the bat's attack.
You block the gnoll's attack. x2
You slash the gnoll!
You kill the gnoll!
You barely miss the bat. You hit the gnoll. You block the bat's attack.
You block the gnoll's attack. The gnoll hits you with a flail!
You die...

...... #.##.......
#...# ............
#..###.#.....?..
#...##....(.>...
###<#....##.......
#.................
.....?........#..#####
..............g##.....#
..............b@...<..#
.##.........#####.....#
...........# ....=#
##.[.......# .#####
##.......## .. ...%. ..
. ... ...


You could see a gnoll and a bat.

Vanquished Creatures
  2 gnolls (D:3)
  2 adders (D:2)
  An ooze (D:2)
  A worm (D:2)
  6 bats
  2 giant cockroaches
  3 hobgoblins
  7 jackals
  A quokka (D:2)
  2 ball pythons (D:1)
  A frilled lizard (D:2)
  5 kobolds
  2 rats
35 creatures vanquished.

Vanquished Creatures (others)
  5 toadstools (D:1)
5 creatures vanquished.

Grand Total: 40 creatures vanquished

Notes
Turn   | Place    | Note
-------+----------+-------------------------------------------
     0 | D:1      | Cykl0x the Gargoyle Fighter began the quest for the Orb.
     0 | D:1      | Reached XP level 1. HP: 14/14 MP: 1/1
   213 | D:1      | Reached XP level 2. HP: 19/19 MP: 2/2
   765 | D:2      | Reached XP level 3. HP: 21/23 MP: 3/3
   910 | D:2      | Found a shattered altar of Ashenzari.
  1249 | D:2      | Reached XP level 4. HP: 20/29 MP: 4/4
  1635 | D:3      | Slain by a gnoll

Skill      XL: |  1  2 |
---------------+-------+-----
Axes           | 2 |  2.8
Fighting       | |  3.7
Armour         | |  3.8
Dodging        | |  0.4
Shields        | |  3.8

Action                   |  1- 3 |  4- 6 || total
-------------------------+-------+-------++-------
Melee: War axe           |   158 |    18 ||   176
Throw: Stone             |     6 |       ||     6
  Use: Scroll            |     2 |       ||     2
  Eat: Chunk             |     1 |     1 ||     2
Armor: Scale mail        |   132 |    26 ||   158
Dodge: Dodged            |    69 |     9 ||    78
Block: Shield            |   109 |    30 ||   139
